 Dungeon Crawl Stone Soup version 0.20.1-1-g8b1a95d66d (webtiles) character file.

49 NixNut the Skirmisher (level 3, -2/29 HPs)
             Began as a Demonspawn Abyssal Knight on Dec 29, 2017.
             Was a Believer of Lugonu.
             Slain by Sigmund
             ... wielding a cursed -2 scythe
              (5 damage)
             ... on level 2 of the Dungeon.
             The game lasted 00:11:17 (1735 turns).

NixNut the Skirmisher (Demonspawn Abyssal Knight)   Turns: 1735, Time: 00:11:18

Health: -2/29      AC:  7    Str: 13    XL:     3   Next: 51%
Magic:  5/5        EV: 13    Int: 13    God:    Lugonu [**....]
Gold:   73         SH:  0    Dex: 12    Spells: 2/2 levels left

rFire    . . .     SeeInvis .   a - +2 falchion
rCold    . . .     Gourm    .   (no shield)
rNeg     . . .     Faith    .   d - +1 scale mail (curse)
rPois    .         Spirit   .   (no helmet)
rElec    .         Reflect  .   (no cloak)
rCorr    .         Harm     .   (no gloves)
MR       .....                  (no boots)
Stlth    ..........             (no amulet)
Regen    0.1/turn               f - +4 ring of evasion
MPRegen  0.1/turn               (no ring)

@: no status effects
A: rot immunity
a: Depart the Abyss, Bend Space, Renounce Religion


You were on level 2 of the Dungeon.
You worshipped Lugonu.
Lugonu was pleased with you.
You were not hungry.

You visited 1 branch of the dungeon, and saw 2 of its levels.
You visited the Abyss 1 time.

You collected 73 gold pieces.

Inventory:

Hand Weapons
 a - a +2 falchion (weapon)
 l - a +2 vampiric dagger
Armour
 b - a +0 leather armour
 d - a cursed +1 scale mail (worn)
Jewellery
 f - a +4 ring of evasion (left hand)
Comestibles
 c - a bread ration
 g - a royal jelly
 k - a meat ration


   Skills:
 + Level 3.4 Fighting
 * Level 2.6 Long Blades
 - Level 1.7 Armour
 - Level 0.8 Dodging
 + Level 3.4 Invocations


You had 2 spell levels left.
You didn't know any spells.

Dungeon Overview and Level Annotations

Branches:
Dungeon (2/15)

Altars:
Cheibriados
Uskayaw

Annotations:
D:1 1 runed door
D:2 Sigmund


Innate Abilities, Weirdness & Mutations

You are immune to rotting.


Message History

Sigmund is severely wounded.
Sigmund closely misses you.
Your scale mail prevents you from hitting Sigmund.
Sigmund is severely wounded.
Sigmund misses you.
You hit Sigmund.
Sigmund is severely wounded.
Sigmund gestures at you while chanting. The magic dart hits you!
You hit Sigmund.
Sigmund is almost dead.
Sigmund barely misses you.
You closely miss Sigmund.
Sigmund is almost dead.
Sigmund hits you with a scythe!
* * * LOW HITPOINT WARNING * * *
Your scale mail prevents you from hitting Sigmund.
Sigmund is almost dead.
Sigmund hits you with a scythe.
You die...

#..# ##.###.
#.## #.# #.
#.# ..# #.
#.# #......
#.# ..#####
#.# ###
#####.# ###
##!..#.##
###..
##...@...###
##...#
#...@####<.#
#..### #....#
##.### #....#
#....#
#..!####....#
#...##
###?........#
##.##
#..####...#
.## #..#
#.>.# ## ####
#...# #....


You could see Sigmund.

Vanquished Creatures
  An adder (D:2)
  An ooze (D:2)
  A dart slug (D:1)
  A leopard gecko (D:1)
  2 bats
  4 giant cockroaches (D:1)
  4 goblins
  3 hobgoblins
  A quokka (D:2)
  8 frilled lizards
  3 kobolds (D:1)
  4 rats
33 creatures vanquished.

Notes
Turn   | Place    | Note
-------+----------+-------------------------------------------
     0 | Abyss:1  | NixNut the Demonspawn Abyssal Knight began the quest for the Orb.
     0 | Abyss:1  | Reached XP level 1. HP: 18/18 MP: 2/2
    15 | Abyss:1  | Found a corrupted altar of Lugonu.
    30 | D:1      | Escaped the Abyss
    32 | D:1      | Found a runed door.
    51 | D:1      | Noticed a jelly
   446 | D:1      | Gained mutation: You are immune to rotting. [demonic ancestry]
   446 | D:1      | Reached XP level 2. HP: 24/24 MP: 4/4
   776 | D:1      | Reached ** piety under Lugonu
  1168 | D:2      | Found a faded altar of an unknown god.
  1245 | D:2      | Reached XP level 3. HP: 26/29 MP: 5/5
  1310 | D:2      | Noticed Sigmund
  1394 | D:2      | Found a snail-covered altar of Cheibriados.
  1641 | D:2      | Found a hide-covered altar of Uskayaw.
  1642 | D:2      | Noticed a hand axe
  1642 | D:2      | Noticed a dagger
  1735 | D:2      | Slain by Sigmund

Skill      XL: |  1  2 |
---------------+-------+-----
Long Blades    | 2 |  2.6
Invocations    | 3 |  3.4
Fighting       | |  3.4
Armour         | |  1.7
Dodging        | |  0.8

Action                   || total
-------------------------++-------
Melee: Falchion          ||   129
Invok: Bend Space        ||     1
  Use: Scroll            ||     4
       Potion            ||     1
  Eat: Bread ration      ||     1
Armor: Leather armour    ||    14
       Scale mail        ||    49
Dodge: Dodged            ||    82
       Rpst.: Falchion   ||    24
